 Dungeon Crawl Stone Soup version 0.31-a0-986-g5e6e4ef867 (webtiles) character file.

Game seed: 15844044777366018501

97 IdlyInterested the Changeling (level 4, -3/32 HPs)
             Began as a Demonspawn Shapeshifter on Nov 15, 2023.
             Slain by a black bear (11 damage)
             ... on level 4 of the Dungeon on Nov 16, 2023.
             The game lasted 00:09:11 (3013 turns).

IdlyInterested the Changeling (DsSh)                Turns: 3013, Time: 00:09:11

Health: -3/32      AC:  6    Str: 14    XL:     4   Next: 42%
Magic:  4/4        EV:  9    Int: 11    God:
Gold:   215        SH:  0    Dex: 15    Spells: 3/3 levels left

rFire   . .          .
                       - Unarmed
rCold   . . .        (no shield)
rNeg    . . .        y - +0 scale mail
rPois   .            (helmet currently unavailable)
rElec   .            (cloak currently unavailable)
rCorr   .            (gloves currently unavailable)
SInv    .            B - melded +2 pair of boots
Will    .....        (no amulet) Stlth
                     (no ring)
HPRegen 0.25/turn    (no ring)
MPRegen 0.09/turn

%: no passive effects
@: confused, beast-form, ambrosia-drunk
A: beast (slay +2), powered by pain 1, condensation shield
a: Begin Untransformation


You were on level 4 of the Dungeon.
You were a hulking beast.
You visited 1 branch of the dungeon, and saw 4 of its levels.

You collected 215 gold pieces.

Inventory:

Hand Weapons
 g - a +0 spear of venom
 i - a +0 short sword
 r - a +2 dagger of speed
Missiles
 f - 11 stones (quivered)
 o - 3 poisoned darts
 p - 6 atropa-tipped darts
 q - 4 datura-tipped darts
 x - 6 boomerangs
Armour
 h - a +0 leather armour
 u - a +0 robe
 y - a +0 scale mail (worn)
 A - a +0 ring mail
 B - a +2 pair of boots (melded)
Jewellery
 C - a ring of wizardry
Talismans
 c - a beast talisman (active)
 d - a flux talisman
Scrolls
 e - a scroll of enchant armour
 j - a scroll of revelation
 s - a scroll of fog
 t - 2 scrolls of summoning
 w - a scroll of teleportation
Potions
 a - a potion of resistance {unknown}
 b - 2 potions of lignification
 k - a potion of might {unknown}
 l - a potion of enlightenment {unknown}
 m - 2 potions of ambrosia
 n - a potion of berserk rage {unknown}
 v - a potion of mutation {unknown}


   Skills:
 - Level 1.0 Fighting
 * Level 0.8 Throwing
 - Level 1.0 Armour
 - Level 1.7 Dodging
 - Level 1.0 Stealth
 + Level 3.2 Unarmed Combat
 - Level 1.0 Evocations
 * Level 3.5 Shapeshifting


You had 3 spell levels left.
You didn't know any spells.
Your spell library contained the following spells:

 Spells                   Type           Power      Damage    Failure   Level
 Tukima's Dance           Hex            0%         N/A       99%         3
 Dimensional Bullseye     Hex/Tloc       0%         N/A       100%        4
 Iskenderun's Mystic Bla  Conj/Tloc      0%         2d3       100%        4


Dungeon Overview and Level Annotations

Branches:
Dungeon (4/15)
 Temple: D:4-7

Altars:


Innate Abilities, Weirdness & Mutations

You are a hulking beast.
Your limbs bulge with bestial killing power. (Slay +2)
You sometimes gain a little power by taking damage.
A meltable shield of frost defends you. (SH +4)


Message History

The black bear is moderately wounded.
You block the black bear's attack. The black bear claws you.
The black bear barely misses you.
You barely miss the black bear.
The black bear is moderately wounded.
The black bear bites you.
The black bear claws you but does no damage. x2
You completely miss the black bear.
The black bear is moderately wounded.
The black bear bites you. The black bear barely misses you.
You block the black bear's attack.
You barely miss the black bear.
The black bear is moderately wounded.
You block the black bear's attack. The black bear claws you.
The black bear claws you but does no damage.
You hit the black bear.
The black bear is heavily wounded.
The black bear bites you. The black bear claws you.
The black bear barely misses you.
You hit the black bear.
The black bear is severely wounded.
The black bear goes berserk!
You hit the black bear.
The black bear is almost dead.
The black bear bites you! You block the black bear's attack.
The black bear claws you.
* * * LOW HITPOINT WARNING * * *
You hit the black bear.
The black bear is almost dead.
The black bear looks more healthy.
The black bear bites you.
* * * LOW HITPOINT WARNING * * *
The black bear claws you but does no damage.
The black bear claws you.
* * * LOW HITPOINT WARNING * * *
The black bear bites you.
* * * LOW HITPOINT WARNING * * *
The black bear barely misses you. You block the black bear's attack.
You are confused.
You feel invigorated. The black bear bites you!
You die...

.... .....
......####
......#..#
......#..#
......#..# .
....((...# ..
######hh.#
#..........##
#...####...######
.................
...
##.##..#.##########
#.#### .........#
#.. ......
##.#...#.##### #.#
#..... #
#####....?###.#
#.....
#.....###.....###
#.....


You could see a black bear (berserk).

Vanquished Creatures
  2 adders (D:3)
  4 dart slugs
  6 orcs (D:3)
  4 bats
  4 endoplasms
  4 giant cockroaches
  8 goblins
  4 hobgoblins
  5 kobolds
  3 quokkas
  7 ball pythons
  5 frilled lizards
  8 rats
64 creatures vanquished.

Notes
Turn   | Place    | Note
-------+----------+-------------------------------------------
     0 | D:1      | IdlyInterested the Demonspawn Shapeshifter began the quest
                  | for the Orb.
     0 | D:1      | Reached XP level 1. HP: 15/15 MP: 1/1
   190 | D:1      | Gained mutation: A meltable shield of frost defends you.
                  | (SH +4) [demonic ancestry]
   190 | D:1      | Reached XP level 2. HP: 21/21 MP: 2/2
   288 | D:1      | Reached skill level 1 in Armour
   924 | D:1      | Gained mutation: You sometimes gain a little power by
                  | taking damage. [demonic ancestry]
   924 | D:1      | Reached XP level 3. HP: 23/26 MP: 3/3
  1054 | D:2      | Reached skill level 1 in Stealth
  2118 | D:3      | Reached skill level 1 in Evocations
  2153 | D:3      | Reached XP level 4. HP: 13/32 MP: 4/4
  3001 | D:4      | Noticed a black bear
  3013 | D:4      | Slain by a black bear

Illustrated notes

Levels and vault maps discovered:
D:1:      tarquinn_simple_flora_water_f, layout_basic, chequers_jeans,
          minmay_pentomino_u2
D:2:      layout_basic
D:3:      layout_basic
D:4:      layout_basic, gammafunk_ghost_nasty_kobolds, lightli_corner_chamber

Skill      XL: |  1  2  3 |
---------------+----------+-----
Armour         | 1 |  1.0
Shapeshifting  | 3 |  3.5
Stealth        | 1 |  1.0
Unarmed Combat | 3 |  3.2
Evocations     | 1 |  1.0
Fighting       | |  1.0
Throwing       | |  0.8
Dodging        | |  1.7

Action                     |  1- 3 |  4- 6 || total
---------------------------+-------+-------++-------
  Melee: Unarmed           |   128 |    58 ||   186
         Punch             |     1 |     2 ||     3
  Throw: Stone             |     8 |     8 ||    16
         Dart              |       |     2 ||     2
    Use: Scroll            |     4 |     2 ||     6
         Potion            |     1 |     1 ||     2
   Stab: Sleeping          |     3 |       ||     3
 Armour: Leather armour    |    55 |     5 ||    60
         Animal skin       |     1 |       ||     1
         Scale mail        |       |    35 ||    35
  Dodge: Dodged            |    47 |    24 ||    71
  Block: Other             |    11 |    12 ||    23
   Form: Beast             |       |     2 ||     2
                           |       |     1 ||     1

Table legend: (Time is in decaauts)
 A = Elapsed time spent in this place.
 B = Non-inter-level travel time spent in this place.
 C = Inter-level travel time spent in this place.
 D = Time resting spent in this place.
 E = Time spent auto-exploring this place.
 F = Levels seen in this place.
 G = Mean time per level.
                   A        B        C        D        E       F      G
               +--------+--------+--------+--------+--------+-----+--------+
         Total |   3004 |   2891 |    113 |    133 |   1987 |   4 |  751.0 |
       Dungeon |   3004 |   2891 |    113 |    133 |   1987 |   4 |  751.0 |
               +--------+--------+--------+--------+--------+-----+--------+

Top non-repeatable levels by time:
     D:1: 1024 daAuts
     D:2: 995 daAuts
     D:3: 940 daAuts
     D:4: 44 daAuts
